 Dungeon Crawl Stone Soup version 0.21.1-1-g345015f (webtiles) character file.

1258 Kagorn the Skirmisher (level 8, -9/46 HPs)
             Began as a Gargoyle Fighter on June 11, 2018.
             Was an Initiate of Hepliaklqana.
             Mangled by a cyclops (19 damage)
             ... created by the fury of Okawaru
             ... in a sewer.
             The game lasted 00:42:42 (4886 turns).

Kagorn the Skirmisher (Gargoyle Fighter)            Turns: 4886, Time: 00:42:43

Health: -9/46      AC: 15    Str: 20    XL:     8   Next: 51%
Magic:  8/8        EV:  9    Int:  9    God:    Hepliaklqana [......]
Gold:   245        SH: 10    Dex: 11    Spells: 7/7 levels left

rFire    . . .     SeeInvis .   n - +1 flail (protect)
rCold    + . .     Gourm    .   c - +1 shield
rNeg     + + .     Faith    .   b - +0 scale mail
rPois    ∞         Spirit   .   (no helmet)
rElec    +         Reflect  .   l - +1 cloak
rCorr    .         Harm     .   (no gloves)
MR       .....                  (no boots)
Stlth    +.........             i - amulet of regeneration
HPRegen  0.55/turn              o - ring of protection from cold
MPRegen  0.11/turn              e - ring of positive energy

@: about to teleport
A: reduced essence, negative energy resistance 1, electricity resistance,
unbreathing, petrification resistance, rot immunity, AC +5
a: Recall Ancestor, Ancestor Identity, Renounce Religion


You were in a sewer.
You worshipped Hepliaklqana.
Hepliaklqana was noncommittal.
You were not hungry.

You visited 1 branch of the dungeon, and saw 6 of its levels.
You also visited: Sewer.

You collected 245 gold pieces.

Inventory:

Hand Weapons
 n - a +1 flail of protection (weapon)
 p - a +3 whip
 v - a +0 antimagic trident
 y - a +1 short sword of electrocution
Missiles
 s - 11 tomahawks (quivered)
Armour
 b - a +0 scale mail (worn)
 c - a +1 shield (worn)
 l - a +1 cloak (worn)
Jewellery
 e - a ring of positive energy (right hand)
 i - an amulet of regeneration (around neck)
 o - a ring of protection from cold (left hand)
Wands
 r - a wand of flame (14)
Scrolls
 a - 2 scrolls of remove curse
 g - 4 scrolls of magic mapping
 m - 3 scrolls of teleportation
 w - a scroll of enchant armour
 z - 5 scrolls of identify
 B - a scroll of blinking {unknown}
Potions
 d - 3 potions of might
 h - a potion of invisibility
 k - a potion of berserk rage {unknown}
 q - 2 potions of haste
 u - 2 potions of mutation {unknown}
 A - a potion of magic
Books
 x - a book of Air

   Spells                             Type                      Level
   a - Shock                          Conjuration/Air              1
   b - Swiftness                      Charms/Air                   2
   c - Static Discharge               Conjuration/Air              3
   d - Airstrike                      Air                          4
   e - Lightning Bolt                 Conjuration/Air              5
Comestibles
 f - a ration


   Skills:
 * Level 6.5 Fighting
 * Level 5.4 Maces & Flails
 + Level 5.0 Armour
 + Level 2.6 Dodging
 + Level 3.7 Stealth
 + Level 4.9 Shields


You had 7 spell levels left.
You didn't know any spells.

Dungeon Overview and Level Annotations

Branches:
Dungeon (6/15)
 Temple: D:4-7

Altars:
Ashenzari
Cheibriados
Fedhas
Hepliaklqana
Okawaru
Ru
Trog
Uskayaw
Xom
Yredelemnul


Innate Abilities, Weirdness & Mutations

You are resistant to torment.
Your stone body is resilient. (AC +5)
You are immune to poison.
You resist negative energy. (rN+)
You are resistant to electric shocks. (rElec)
You can survive without breathing.
You are immune to petrification.
You are immune to rotting.
Your life essence is reduced to manifest your ancestor. (-10% HP)


Message History

Your weapon exudes an aura of protection.
You kill the kobold!
You enter the shallow water.
Moving in this stuff is going to be slow.
You see here a stone.
You thump the plant!
The plant is lightly damaged.
You sock the plant!
The plant is moderately damaged.
The orc wizard mumbles some strange words.
The orc wizard blinks!
You hit the cyclops.
Your weapon exudes an aura of protection.
The cyclops is severely wounded.
The cyclops hits you!
* * * LOW HITPOINT WARNING * * *
You feel better. The cyclops barely misses you.
As you read the scroll of teleportation, it crumbles to dust.
You feel strangely unstable. The cyclops hits you!!
You die...

#≈≈≈≈≈≈≈≈≈≈≈≈≈≈≈≈≈≈
##≈≈≈≈≈≈≈≈≈≈≈≈≈≈≈≈≈≈
#≈≈≈≈≈≈≈ ≈≈≈≈≈≈≈≈≈≈≈
#≈≈≈≈≈≈ ≈≈≈≈≈≈≈≈≈≈≈
##≈≈≈≈≈ ≈≈≈≈≈≈≈≈≈
##.≈.≈. ≈≈≈≈≈≈≈
#..≈P≈###########.P≈≈≈
#.!P@Co(≈oo≈≈≈≈o.≈..≈
#.≈(.###########PP≈≈.
#..≈.≈≈ #≈≈.≈..o≈≈.≈
##.....# ###≈#.≈...≈.
######### #≈#≈≈.o≈P#
##..####≈#≈≈≈.P.≈
####.≈≈#.##≈#≈.≈...#
#.###≈.)#..≈#≈.≈≈...
##≈#########≈#..≈..P.


You could see a cyclops, an orc warrior, an orc wizard and an orc.

Vanquished Creatures
  The ghost of kae the Chopper, an amateur HOFi (D:4)
  A phantom (D:4)
  2 ogres
  Blork the orc (D:4)
  A scorpion (D:4)
  3 orc priests
  5 orc wizards
  A bullfrog skeleton (D:5)
  2 iguanas
  Ijyb (D:3)
  Terence (D:2)
  3 gnolls (D:6)
  A river rat (D:6)
  8 adders
  An ooze (D:2)
  An adder skeleton (D:5)
  A worm (D:2)
  3 dart slugs (D:1)
  3 leopard geckos
  15 orcs
  7 bats
  7 giant cockroaches
  6 goblins
  7 hobgoblins
  8 jackals
  5 quokkas
  2 ball pythons (D:6)
  5 frilled lizards
  15 kobolds
  5 rats
  9 plants (Sewer)
131 creatures vanquished.

Vanquished Creatures (collateral kills)
  A bullfrog (D:6)
  An adder (Sewer)
  2 jackals (Sewer)
  A frilled lizard (Sewer)
  2 kobolds (Sewer)
  A plant (Sewer)
8 creatures vanquished.

Vanquished Creatures (others)
  2 ancestors
  A plant (Sewer)
3 creatures vanquished.

Grand Total: 142 creatures vanquished

Notes
Turn   | Place    | Note
-------+----------+-------------------------------------------
     0 | D:1      | Kagorn the Gargoyle Fighter began the quest for the Orb.
     0 | D:1      | Reached XP level 1. HP: 14/14 MP: 1/1
   154 | D:1      | Reached XP level 2. HP: 8/19 MP: 2/2
   560 | D:1      | Reached XP level 3. HP: 17/24 MP: 3/3
   815 | D:2      | Reached skill level 4 in Fighting
   815 | D:2      | Reached skill level 1 in Stealth
   952 | D:2      | Reached XP level 4. HP: 18/29 MP: 4/4
   960 | D:2      | Found a hide-covered altar of Uskayaw.
  1065 | D:2      | Noticed Terence
  1089 | D:2      | Killed Terence
  1494 | D:2      | Found a sacrificial altar of Ru.
  1688 | D:3      | Reached skill level 1 in Dodging
  1741 | D:3      | Reached XP level 5. HP: 33/33 MP: 5/5
  2061 | D:3      | Noticed Ijyb
  2070 | D:3      | Killed Ijyb
  2131 | D:3      | Reached XP level 6. HP: 39/39 MP: 6/6
  2221 | D:3      | Found a bloodstained altar of Trog.
  2463 | D:4      | Reached skill level 5 in Fighting
  2532 | D:4      | Found a snail-covered altar of Cheibriados.
  2563 | D:4      | Noticed Blork the orc
  2598 | D:4      | Killed Blork the orc
  2629 | D:4      | Reached XP level 7. HP: 34/44 MP: 2/7
  2706 | D:4      | Found a shimmering altar of Xom.
  2729 | D:4      | Found a basalt altar of Yredelemnul.
  2870 | D:4      | Noticed kae's ghost (amateur HOFi)
  2893 | D:4      | Killed kae's ghost
  3144 | D:4      | Reached skill level 6 in Fighting
  3144 | D:4      | Reached skill level 5 in Maces & Flails
  3144 | D:4      | Reached XP level 8. HP: 51/51 MP: 8/8
  3405 | D:5      | Entered Level 5 of the Dungeon
  3562 | D:5      | Found a blossoming altar of Fedhas.
  3668 | D:5      | Found an iron altar of Okawaru.
  3701 | D:5      | Became a worshipper of Warmaster Okawaru
  3731 | D:5      | Found a hazy altar of Hepliaklqana.
  3756 | D:5      | Fell from the grace of Okawaru
  3756 | D:5      | Became a worshipper of Hepliaklqana the Forgotten
  3877 | D:6      | Found a shattered altar of Ashenzari.
  4239 | D:6      | Found a glowing drain.
  4258 | Sewer    | Entered a sewer
  4421 | Sewer    | Reached skill level 5 in Armour
  4843 | Sewer    | Noticed a cyclops
  4869 | Sewer    | HP: 1/46 [cyclops[the fury of Okawaru] (22)]
  4886 | Sewer    | Mangled by a cyclops

Skill      XL: |  1  2  3  4  5  6  7  8 |
---------------+-------------------------+-----
Fighting       | 4 5 6 |  6.5
Stealth        | 1 2 3 |  3.7
Maces & Flails | 3 4 5 |  5.4
Dodging        | 1 2 |  2.6
Armour         | 4 5 |  5.0
Shields        | 4 |  4.9

Action                   |  1- 3 |  4- 6 |  7- 9 || total
-------------------------+-------+-------+-------++-------
Melee: Flail             |   153 |   230 |   398 ||   781
       Trident           |       |    14 |     2 ||    16
  Use: Potion            |     1 |     2 |     7 ||    10
       Scroll            |       |     8 |     4 ||    12
 Stab: Invisible         |       |       |     1 ||     1
  Eat: Ration            |     1 |     1 |     3 ||     5
Armor: Scale mail        |   150 |   176 |   129 ||   455
Dodge: Dodged            |    87 |    78 |   102 ||   267
Block: Shield            |   114 |   156 |   169 ||   439
